 Dungeon Crawl Stone Soup version 0.30-a0-4-ga7cffc901d (webtiles) character file.

Game seed: 12011480081125616238

74 Flugkiller the Insei (level 4, -5/38 HPs)
             Began as a Meteoran Chaos Knight on Aug 21, 2022.
             Was a Plaything of Xom.
             Engulfed by a steam dragon's steam (9 damage)
             ... on level 4 of the Dungeon.
             The game lasted 00:02:47 (727 turns).

Flugkiller the Insei (Meteoran Chaos Knight)         Turns: 727, Time: 00:02:47

Health: -5/38      AC: 11    Str: 20    XL:     4   Next: 84%
Magic:  5/5        EV:  6    Int: 13    God:    Xom [...*..]
Gold:   141        SH:  0    Dex: 15    Spells: 3/3 levels left

rFire   . . .      SeeInvis .      - Unarmed
rCold   . . .      Faith    .    (no shield)
rNeg    . . .      Spirit   .    o - +0 plate armour
rPois   .          Reflect  .    (no helmet)
rElec   .          Harm     .    (no cloak)
rCorr   .          Rampage  .    (no gloves)
Will    .....                    (no boots)
Stlth   ..........               e - amulet of magic regeneration
HPRegen 0.12/turn                i - +6 ring of strength
MPRegen 0.49/turn                (no ring)

@: attractive, flying, glowing
A: sense surroundings 1, otherworldly, glowing, explore regen
a: Renounce Religion


You were on level 4 of the Dungeon.
You worshipped Xom.
You were a favourite toy of Xom.
You visited 1 branch of the dungeon, and saw 4 of its levels.

You collected 141 gold pieces.

Inventory:

Armour
 a - a +2 leather armour
 o - a +0 plate armour (worn)
   (You found it on level 3 of the Dungeon)
Jewellery
 e - an amulet of magic regeneration (around neck)
   (You found it on level 1 of the Dungeon)
 i - a +6 ring of strength (left hand)
   (You found it on level 2 of the Dungeon)
Scrolls
 c - a scroll of enchant weapon {unknown}
 d - a scroll of noise {unknown}
 g - a scroll of fear {unknown}
 h - a scroll of blinking {unknown}
 l - a scroll of torment {unknown}
 m - a scroll of poison {unknown}
 n - a scroll of butterflies {unknown}
Potions
 k - a potion of attraction
 q - a potion of mutation {unknown}
Miscellaneous
 b - a piece from Xom's chessboard (15/15) (quivered)


   Skills:
 - Level 3.2 Fighting
 - Level 2.4 Armour
 - Level 1.2 Dodging
 + Level 6.0 Unarmed Combat


You had 3 spell levels left.
You didn't know any spells.
Your spell library was empty.

Dungeon Overview and Level Annotations

Branches:
Dungeon (4/15) Zot: 1680
 Temple: D:4-7

Altars:
Nemelex Xobeh


Innate Abilities, Weirdness & Mutations

You passively map a small area around you.
You are easily found by Zot.
You glow in the dark.
You regain HP and MP as you explore.


Message History

Found 24 gold pieces and a fizzy dark potion.
Found 19 gold pieces.
You open the door.
There is an open door here.
You now have 84 gold pieces (gained 13).
You now have 103 gold pieces (gained 19).
You now have 114 gold pieces (gained 11).
There is a sparkling altar of Nemelex Xobeh here.
You now have 126 gold pieces (gained 12).
You now have 141 gold pieces (gained 15).
There is an open door here.
q - a fizzy dark potion A hobgoblin comes into view.
Found a stone staircase leading up.
The hobgoblin shouts!
You hit the hobgoblin.
You kill the hobgoblin!
No target in view!
There is a stone staircase leading up here.
You climb upwards.
There is a stone staircase leading down here.
You climb downwards.
There is a stone staircase leading up here.
You open the door.
There is an open door here.
There is an open door here.
A hobgoblin comes into view.
The hobgoblin shouts!
An endoplasm comes into view.
The endoplasm quivers.
A steam dragon comes into view.
The steam dragon hisses angrily.
The steam dragon breathes steam at you. The ball of steam hits you!
A shower of butterflies erupts from you!
The steam dragon moves out of view.
You punch the endoplasm!
You kill the endoplasm!
You are engulfed in a cloud of scalding steam.
Your butterfly is engulfed in a cloud of scalding steam.
Your butterfly dies!
Your butterfly disappears in a puff of smoke!
The hobgoblin hits your butterfly.
Your butterfly dies!
Your butterfly disappears in a puff of smoke!
Your butterfly is engulfed in a cloud of scalding steam.
Your butterfly dies!
Your butterfly disappears in a puff of smoke!
Your butterfly is engulfed in a cloud of scalding steam.
Your butterfly dies!
Your butterfly disappears in a puff of smoke!
You swap places.
The hobgoblin hits you but does no damage.
Found a leather armour.
You closely miss the hobgoblin.
The hobgoblin hits you but does no damage.
You barely miss the hobgoblin.
The hobgoblin hits you but does no damage.
You hit the steam dragon but do no damage.
The hobgoblin closely misses you. The steam dragon bites you.
The steam dragon claws you.
You closely miss the steam dragon. You punch the steam dragon!
The steam dragon is moderately wounded.
The hobgoblin closely misses you. The steam dragon breathes steam at you.
The ball of steam hits you!!
* * * LOW HITPOINT WARNING * * *
It was a potion of attraction.
You feel attractive to monsters.
You are engulfed in a cloud of scalding steam.
The hobgoblin hits you but does no damage.
Your butterfly is engulfed in a cloud of scalding steam.
Your butterfly dies!
Your butterfly disappears in a puff of smoke!
The steam dragon bites you.
* * * LOW HITPOINT WARNING * * *
The steam dragon claws you but does no damage.
Okay, then.
The steam dragon barely misses you.
The steam dragon claws you but does no damage.
Unknown command.
It was a potion of curing.
You feel better.
Xom roars with laughter!
Your butterfly is engulfed in a cloud of scalding steam.
Your butterfly dies!
Your butterfly disappears in a puff of smoke!
The steam dragon breathes steam at you. The ball of steam hits you.
* * * LOW HITPOINT WARNING * * *
It was a potion of magic.
Magic courses through your body.
The hobgoblin hits you but does no damage.
The steam dragon bites you but does no damage.
The steam dragon closely misses you.
It was a potion of flight.
You feel very buoyant.
You fly up into the air.
Xom roars with laughter!
You are engulfed in a cloud of scalding steam.
You die...
Xom snickers!

######..###+#### ,
#........#..... ,
#........#.... # * ,
#...##..##§§# .# , ,
#...##..##§§##.## ,
#...........§...#,
######..<.....§§.§...#,
....#....##..##..###'#
....#....###+##§@#, *
....#........#.gD#
....#........#§§.'.[...
,*
....'....##..##..#.....
....##...##..##..#.....
....##.......#...# ....
, .............#...#
.... .........##..##..#
... .................+,
,


You could see a steam dragon and a hobgoblin.

Vanquished Creatures
  5 adders
  A dart slug (D:1)
  An orc (D:4)
  3 endoplasms
  5 goblins
  4 hobgoblins
  2 quokkas (D:1)
  3 frilled lizards
  A kobold (D:3)
  2 rats
27 creatures vanquished.

Vanquished Creatures (others)
  5 plants (D:3)
5 creatures vanquished.

Grand Total: 32 creatures vanquished

Notes
Turn   | Place    | Note
-------+----------+-------------------------------------------
     0 | D:1      | Flugkiller the Meteoran Chaos Knight began the quest for
                  | the Orb.
     0 | D:1      | Reached XP level 1. HP: 19/19 MP: 2/2
    35 | D:1      | XOM: potion effect (might)
    45 | D:1      | Reached skill level 4 in Unarmed Combat
    45 | D:1      | Reached XP level 2. HP: 17/26 MP: 3/3
    81 | D:2      | Found a faded altar of an unknown god.
   178 | D:1      | XOM: potion effect (heal wounds)
   269 | D:2      | Reached XP level 3. HP: 31/31 MP: 4/4
   307 | D:2      | Reached skill level 5 in Unarmed Combat
   405 | D:2      | Reached XP level 4. HP: 34/38 MP: 5/5
   509 | D:3      | Reached skill level 6 in Unarmed Combat
   647 | D:4      | Found a sparkling altar of Nemelex Xobeh.
   716 | D:4      | Noticed a steam dragon
   716 | D:4      | XOM: butterfly on damage
   723 | D:4      | HP: 1/38 [steam dragon (1)]
   727 | D:4      | Engulfed by a steam dragon's steam

Illustrated notes

Levels and vault maps discovered:
D:1:      lemuel_arrival_rhombus, layout_basic
D:2:      layout_loops_ring, ebering_ecumenical_altar_ruins
D:3:      layout_loops_cross, serial_bayou, serial_bayou_pond_a,
          serial_bayou_shore_b, serial_bayou_shore_b, serial_bayou_pond_a
D:4:      layout_gridville, amcnicky_altar_gilded, serial_bayou_pond_d

Skill      XL: |  1  2  3  4 |
---------------+-------------+-----
Unarmed Combat | 4 5 6 |  6.0
Fighting       | |  3.2
Armour         | |  2.4
Dodging        | |  1.2

Action                   |  1- 3 |  4- 6 || total
-------------------------+-------+-------++-------
Melee: Unarmed           |    54 |    22 ||    76
       Punch             |     2 |     2 ||     4
  Use: Potion            |       |     4 ||     4
Armor: Leather armour    |    22 |     9 ||    31
       Plate armour      |       |    11 ||    11
Dodge: Dodged            |    19 |    10 ||    29

Table legend: (Time is in decaauts)
 A = Elapsed time spent in this place.
 B = Non-inter-level travel time spent in this place.
 C = Inter-level travel time spent in this place.
 D = Time resting spent in this place.
 E = Time spent auto-exploring this place.
 F = Levels seen in this place.
 G = Mean time per level.
                   A        B        C        D        E       F      G
               +--------+--------+--------+--------+--------+-----+--------+
         Total |    719 |    702 |     17 |      0 |      0 |   4 |  179.8 |
       Dungeon |    719 |    702 |     17 |      0 |      0 |   4 |  179.8 |
               +--------+--------+--------+--------+--------+-----+--------+

Top non-repeatable levels by time:
     D:2: 202 daAuts
     D:1: 201 daAuts
     D:3: 171 daAuts
     D:4: 143 daAuts
